 Dungeon Crawl Stone Soup version 0.17-a0-1-g1f4be75 (webtiles) character file.

16 timbw the Caller (level 2, 1/11 HPs)
             Began as a Felid Summoner on Mar 3, 2015.
             Quit the game on level 3 of the Dungeon.
             The game lasted 00:02:04 (319 turns).

timbw the Caller (Felid Summoner)                    Turns: 319, Time: 00:02:04

Health: 1/11       AC:  1    Str:  4    XL:     2   Next: 37%
Magic:  1/5        EV: 18    Int: 16    God:
Gold:   24         SH:  0    Dex: 16    Spells: 2 memorised, 2 levels left
                                        Lives:  0   Deaths: 0

rFire  . . .     SeeInvis +     (weapon unavailable)
rCold  . . .     Clarity  .     (armour unavailable)
rNeg   . . .     SustAb   .     (shield unavailable)
rPois  .         Gourm    .     (helmet unavailable)
rElec  .         Spirit   .     (cloak unavailable)
rCorr  .         Warding  .     (gloves unavailable)
rMut   .         Stasis   .     (boots unavailable)
MR     .....                    (no amulet)
Stlth  +++.......               (no ring)
                                a - ring of see invisible

@: lethally poisoned (1 -> -21), quick, not resistant to hostile enchantments,
fairly stealthy
A: paw claws, no armour, no weapons or thrown items, fangs 3, see invisible,
carnivore 3, speed 1, shaggy fur 1, slow metabolism 1, sharp paws
a: no special abilities


You were on level 3 of the Dungeon.
You were not hungry.

You visited 1 branch of the dungeon, and saw 3 of its levels.

You collected 24 gold pieces.

Inventory:

Jewellery
 a - a ring of see invisible (left paw)
Scrolls
 e - a scroll of identify {unknown}
Books
 b - a book of Callings

   Spells                             Type                      Level
   a - Summon Small Mammal            Summoning                    1
   b - Call Imp                       Summoning                    2
   c - Call Canine Familiar           Summoning                    3
   d - Summon Guardian Golem          Hexes/Summoning              4
   e - Summon Lightning Spire         Summoning/Air                4
   f - Summon Ice Beast               Ice/Summoning                4
Comestibles
 c - a meat ration
 d - a beef jerky


   Skills:
 - Level 2.6 Dodging
 - Level 2.6 Stealth
 - Level 2.0 Spellcasting
 + Level 4.6 Summonings


You had 2 spell levels left.
You knew the following spells:

 Your Spells              Type           Power        Failure   Level  Hunger
a - Summon Small Mammal   Summ           ###.         3%          1    #......
b - Call Imp              Summ           ###.....     6%          2    ###....


Dungeon Overview and Level Annotations

Branches:
Dungeon (3/15)

Altars:


Innate Abilities, Weirdness & Mutations

You cannot wear armour.
You are incapable of wielding weapons or throwing items.
You have razor-sharp teeth.
You have supernaturally acute eyesight.
You are carnivorous and can eat meat at any time.
You cover ground quickly.
You are covered in fur (AC +1).
You have a slow metabolism.
Your paws have sharp claws that are effective at stabbing.


Message History

What do you say? t - Meow!
Orders for allies: a - Attack new target. p - Attack previous target. r - Retreat! s - Stop attacking. w - Wait here. f - Follow me.
Anything else - Stay silent.
Gang up on whom?
Press: ? - help, Dir - move target cursor, f/p - giant newt
Aim: a giant newt Attack!
* * * LOW HITPOINT WARNING * * *
You feel sick.
Something closely misses your crimson imp.
The kobold shoots a poisoned needle.
The poisoned needle completely misses you.
Unknown command.
* * * LOW HITPOINT WARNING * * *
You feel sick.
You aren't carrying any potions.
Are you sure you want to abandon this character and quit the game? (Confirm with "yes".)

.... ##s# ..K
#..### #.##†...#
#..#.##.#
#...5##.#### #
#........###..
#((r5.........
#..##l..#.....#
....####@..# ##
.............####
#.......####...<.#
......
#..........# .....
#.......###.. ####
#.........#
#.........#
#.......<...
#.........##


You could see a giant newt, 2 friendly crimson imps and a friendly quokka.

Vanquished Creatures
  A bat (D:1)
  A jackal (D:1)
2 creatures vanquished.

Vanquished Creatures (collateral kills)
  2 adders
  A giant gecko (D:2)
  A kobold (D:1)
  2 goblins (D:1)
  A jackal (D:1)
  A rat (D:1)
8 creatures vanquished.

Vanquished Creatures (others)
  3 bats (D:2)
  3 quokkas (D:2)
  3 rats
9 creatures vanquished.

Grand Total: 19 creatures vanquished

Notes
Turn   | Place    | Note
--------------------------------------------------------------
     0 | D:1      | timbw, the Felid Summoner, began the quest for the Orb.
     0 | D:1      | Reached XP level 1. HP: 7/7 MP: 4/4
   224 | D:2      | Reached XP level 2. HP: 7/11 MP: 0/5
   232 | D:2      | Learned a level 2 spell: Call Imp
   319 | D:3      | Quit the game

Action                   || total
-------------------------++-------
Melee: Unarmed           ||     9
 Cast: Summon Small Mamm ||    18
       Call Imp          ||     2
  Eat: Chunk             ||     2
